Map: World of Sleepers LE

Players

ARTORIUS - Winner!

  • Race: Protoss Protoss
  • League: Gold
  • Spawn Location: 1:00

xSaintApocx

  • Race: Terran Terran
  • Spawn Location: 7:00

VOD

Have the link to the VOD?

Description

Time

  • Played on: Nov. 26, 2019, 10:43 p.m.
  • Length: 5:57
Show
View Real Time Build Order
Export as new Build Order

ARTORIUS Protoss - Winner!

Build Orders:  

Get SALT Encoding   

  12  0:02  Probe (Chrono Boost)  
  13  0:12  Probe (Chrono Boost)  
  14  0:17  Probe (Chrono Boost)  
  15  0:36  Pylon  
  15  0:38  Assimilator  
  15  0:43  Assimilator  
  15  0:54  Probe (Chrono Boost)  
  15  0:55  Gateway  
  16  1:06  Probe (Chrono Boost)  
  17  1:14  Probe (Chrono Boost)  
  18  1:21  Gateway  
  18  1:25  Gateway  
  18  1:28  Pylon, Probe  
  19  1:40  Probe  
  20  1:47  Cybernetics Core  
  20  1:52  Probe  
  21  2:04  Probe (Chrono Boost)  
  22  2:11  Gateway  
  22  2:13  Pylon  
  22  2:17  Probe (Chrono Boost)  
  23  2:24  Stalker  
  25  2:32  Stalker  
  27  2:39  Stalker  
  29  2:56  Stalker  
  29  2:57  Stalker  
  33  3:06  Stalker  
  35  3:13  Pylon  
  35  3:15  Warp Gate  
  35  3:22  Stalker  
  37  3:30  Pylon  
  37  3:37  Stalker  
  39  3:45  Stalker  
  41  3:53  Stalker  
  43  4:02  Stalker  
  45  4:21  Stalker  
  45  4:23  Stalker  
  49  4:26  Stalker  
  51  4:42  Pylon  
  51  4:50  Pylon  
  51  5:04  Stalker  
  51  5:05  Stalker x2  
  57  5:11  Stalker  
  59  5:33  Stalker  
  59  5:34  Stalker  
  63  5:36  Stalker  
  65  5:45  Stalker  
Show
View Real Time Build Order
Export as new Build Order

xSaintApocx Terran 

Build Orders:  

Get SALT Encoding   

  12  0:01  SCV  
  13  0:13  SCV  
  14  0:30  Supply Depot  
  14  0:34  Supply Depot  
  14  0:42  SCV  
  15  0:54  SCV  
  15  0:56  Supply Depot  
  16  1:06  SCV  
  16  1:09  Barracks  
  17  1:18  SCV  
  17  1:23  Engineering Bay  
  18  1:35  Supply Depot  
  18  1:41  Refinery  
  18  1:45  Refinery  
  18  1:46  SCV  
  19  1:59  Supply Depot  
  19  2:30  Command Center  
  19  2:40  Factory  
  19  2:50  SCV  
  20  2:54  Refinery x2  
  20  3:02  SCV  
  21  3:18  Supply Depot  
  21  3:25  Factory Tech Lab  
  21  3:28  Starport  
  21  3:45  SCV  
  22  3:51  SCV  
  23  3:57  SCV  
  24  4:06  Fusion Core  
  24  4:09  SCV  
  25  4:27  Starport  
  25  4:35  Starport  
  25  4:46  SCV  
  25  4:51  SCV  
  27  4:58  SCV  
  28  5:10  Starport Tech Lab  
  28  5:21  SCV  
  29  5:24  SCV  
  30  5:29  Starport Tech Lab  
  30  5:33  SCV  
  31  5:36  SCV  
Tags
 
Add a new tag
Caveats
  • Supply blocks, unpowered buildings, or Contaminate may cause inaccurate times.
  • Supply counts are checked every 10 seconds.